 Dungeon Crawl Stone Soup version 0.29-a0-409-gd843f3a48c (webtiles) character file.

Game seed: 61660792458808405

116 trckry the Caller (level 5, -14/24 HPs)
             Began as a Vine Stalker Summoner on May 13, 2022.
             Was an Initiate of Hepliaklqana.
             Demolished by a two-headed ogre
             ... wielding a +0 giant club
              (30 damage)
             ... on level 4 of the Dungeon.
             The game lasted 00:11:39 (3066 turns).

trckry the Caller (Vine Stalker Summoner)           Turns: 3066, Time: 00:11:40

Health: -14/24     AC:  3    Str: 10    XL:     5   Next: 1%
Magic:  0/11       EV: 12    Int: 17    God:    Hepliaklqana [......]
Gold:   237        SH:  5    Dex: 15    Spells: 0/10 levels left

rFire   . . .      SeeInvis .   (no weapon)
rCold   . . .      Faith    .   (no shield)
rNeg    . . .      Spirit   +   a - +0 robe
rPois   .          Reflect  +   k - +0 helmet
rElec   .          Harm     .   (no cloak)
rCorr   .          Rampage  .   (no gloves)
Will    .....                   (no boots)
Stlth   ++........              j - amulet of reflection
HPRegen 0.88/turn               h - ring of flight
MPRegen 0.12/turn               (no ring)

@: flying, very slightly contaminated
A: fangs 2, regeneration 1, magic shield, antimagic bite, no potion heal 2
a: Renounce Religion


You were on level 4 of the Dungeon.
You worshipped Hepliaklqana.
Hepliaklqana was noncommittal.
You visited 1 branch of the dungeon, and saw 4 of its levels.

You collected 237 gold pieces.

Inventory:

Armour
 a - a +0 robe (worn)
 k - a +0 helmet (worn)
Jewellery
 h - a ring of flight (left hand)
 j - an amulet of reflection (around neck)
Scrolls
 e - 2 scrolls of identify {unknown}
 m - a scroll of blinking {unknown}
Potions
 b - a potion of magic
 c - a potion of haste {unknown}
 d - 2 potions of degeneration {unknown}
 f - a potion of curing {unknown}
 g - 2 potions of flight {unknown}
 i - a potion of resistance {unknown}
 l - 3 potions of attraction {unknown}


   Skills:
 - Level 1.5 Dodging
 - Level 2.4 Stealth
 + Level 3.4 Spellcasting
 * Level 5.5 Summonings
 + Level 0.0 Air Magic


You couldn't memorise any spells.
You knew the following spells:

 Your Spells              Type           Power      Damage    Failure   Level
a - Summon Small Mammal   Summ           84%        N/A       1%          1
b - Call Imp              Summ           21%        N/A       2%          2
c - Call Canine Familiar  Summ           21%        N/A       5%          3
d - Summon Lightning Spi  Summ/Air       12%        N/A       47%         4

Your spell library contained the following spells:

 Spells                   Type           Power      Damage    Failure   Level
 Summon Guardian Golem    Hex/Summ       12%        N/A       16%         3
 Sandblast                Erth           4%         2d4       17%         1
 Passwall                 Tmut/Erth      1%         N/A       26%         2
 Stone Arrow              Conj/Erth      4%         3d7       45%         3


Dungeon Overview and Level Annotations

Branches:
Dungeon (4/15)
 Temple: D:4-7

Altars:
Hepliaklqana


Innate Abilities, Weirdness & Mutations

You have extremely sharp teeth.
Your natural rate of healing is unusually fast.
When hurt, damage is shared between your health and your magic reserves.
Your bite disrupts and absorbs the magic of your enemies.
Potions cannot restore your health.


Message History

Your rat's corpse disappears in a puff of smoke!
You take 3 damage, and have 14/24 hp.
Casting: Summon Small Mammal (safe; 1% risk of failure)
Confirm with . or Enter, or press ? or * to list all spells.
The spell is quite dangerous to miscast (5% risk of failure)!
Continue anyway?
You miscast Call Canine Familiar.
You are very lightly contaminated with residual magic.
Nothing appears to happen.
The gnoll closely misses you.
Your bat closely misses the gnoll.
You block the gnoll's attack.
You now have 1/11 mp.
The gnoll attacks as you move away! The gnoll hits you with a +0 flail.
Your bat hits the gnoll but does no damage.
Your bat barely misses the gnoll.
Your crimson imp blinks!
You take 4 damage, and have 11/24 hp.
Your bat hits the gnoll but does no damage. x2
Your bat closely misses the gnoll.
You reach down and open the door.
An orc comes into view. It is wielding a +0 flail.
Your bat hits the gnoll.
The gnoll barely misses your crimson imp.
Your crimson imp blinks!
A two-headed ogre comes into view. It is wielding two +0 giant clubs.
Your bat hits the gnoll.
Your bat closely misses the gnoll.
The gnoll hits you but does no damage.
The gnoll throws a throwing net.
The throwing net closely misses you.
You see here a throwing net.
You block the gnoll's attack.
Your bat completely misses the gnoll.
The gnoll hits you from afar with a +0 spear.
Your bat hits the gnoll but does no damage.
Your crimson imp blinks!
You take 1 damage, and have 15/24 hp.
The gnoll attacks as you move away! You block the gnoll's attack.
Your bat hits the gnoll but does no damage.
The gnoll attacks as you move away! The gnoll barely misses you.
The adder hisses angrily.
The two-headed ogre hits you with a +0 giant club!!
Ouch! That really hurt!
You die...

.........
.......>.....########
....................#
.......#.............
##.....#$.......5....
≈#.....#....<........
B#......#..b.........
S#......#............
B#.....@Og...........
≈#...###g.........#..
##. #g.........+ .
#.g.(......#
#####'###### ..# ...#
....# .....#


You could see a two-headed ogre, 4 gnolls, an adder, 2 giant cockroaches and a
friendly bat (summoned).

Vanquished Creatures
  A rat (D:1)
1 creature vanquished.

Vanquished Creatures (collateral kills)
  3 adders
  An ufetubus (D:3)
  A worm (D:2)
  An orc (D:3)
  7 bats
  7 endoplasms
  5 giant cockroaches
  5 goblins
  6 hobgoblins
  3 jackals (D:1)
  9 kobolds
  5 quokkas
  8 ball pythons
  4 frilled lizards
  11 rats
76 creatures vanquished.

Vanquished Creatures (others)
  2 withered plants (D:1)
2 creatures vanquished.

Grand Total: 79 creatures vanquished

Notes
Turn   | Place    | Note
-------+----------+-------------------------------------------
     0 | D:1      | trckry the Vine Stalker Summoner began the quest for the
                  | Orb.
     0 | D:1      | Reached XP level 1. HP: 9/9 MP: 4/4
   303 | D:1      | Reached XP level 2. HP: 13/13 MP: 3/6
   306 | D:1      | Learned a level 2 spell: Call Imp
   401 | D:1      | Found a faded altar of an unknown god.
   727 | D:1      | Reached XP level 3. HP: 2/16 MP: 1/8
   731 | D:1      | Learned a level 3 spell: Call Canine Familiar
  1697 | D:2      | Found a hazy altar of Hepliaklqana.
  1705 | D:2      | Became a worshipper of Hepliaklqana the Forgotten
  1734 | D:2      | Reached skill level 5 in Summonings
  1735 | D:2      | Gained mutation: Your natural rate of healing is unusually
                  | fast. [Vine Stalker growth]
  1735 | D:2      | Reached XP level 4. HP: 21/21 MP: 6/9
  2998 | D:3      | Reached XP level 5. HP: 24/24 MP: 7/11
  3040 | D:3      | Learned a level 4 spell: Summon Lightning Spire
  3061 | D:4      | Noticed a two-headed ogre
  3066 | D:4      | Demolished by a two-headed ogre

Illustrated notes

Levels and vault maps discovered:
D:1:      dpeg_arrival_prison, layout_basic, ebering_ecumenical_altar_petrified,
          minmay_liquid_box, minmay_vboxes
D:2:      layout_rooms, basic_altar
D:3:      layout_basic, serial_corexii_hall, corexii_hall_statues_i,
          chequers_hall_statues_y, st_stairs_10, minmay_cut_off
D:4:      layout_basic, minmay_temple_entry_junction, gup_sewer_entry_glass

Skill      XL: |  1  2  3 |
---------------+----------+-----
Spellcasting   | 3 |  3.4
Summonings     | 5 |  5.5
Dodging        | |  1.5
Stealth        | |  2.4

Action                   |  1- 3 |  4- 6 || total
-------------------------+-------+-------++-------
Melee: Unarmed           |     1 |       ||     1
       Bite              |     1 |       ||     1
 Cast: Summon Small Mamm |    21 |     4 ||    25
       Call Imp          |    12 |     5 ||    17
       Call Canine Famil |       |     7 ||     7
Armor: Robe              |     4 |    12 ||    16
Dodge: Dodged            |    15 |    43 ||    58
Block: Other             |       |    15 ||    15

Table legend: (Time is in decaauts)
 A = Elapsed time spent in this place.
 B = Non-inter-level travel time spent in this place.
 C = Inter-level travel time spent in this place.
 D = Time resting spent in this place.
 E = Time spent auto-exploring this place.
 F = Levels seen in this place.
 G = Mean time per level.
                   A        B        C        D        E       F      G
               +--------+--------+--------+--------+--------+-----+--------+
         Total |   3064 |   3034 |     30 |      0 |   2134 |   4 |  766.0 |
       Dungeon |   3064 |   3034 |     30 |      0 |   2134 |   4 |  766.0 |
               +--------+--------+--------+--------+--------+-----+--------+

Top non-repeatable levels by time:
     D:1: 1632 daAuts
     D:3: 826 daAuts
     D:2: 585 daAuts
     D:4: 20 daAuts
